 Dungeon Crawl Stone Soup version 0.32-a0-953-g508020473e (webtiles) character file.

Game seed: 60752504329487234

18785 DEFE the Bludgeoner (level 12, -2/81 HPs)
             Began as a Coglin Fighter on Apr 16, 2024.
             Was a High Priest of Okawaru.
             Slain by a yak (6 damage)
             ... on level 2 of the Lair of Beasts.
             The game lasted 00:11:04 (15135 turns).

DEFE the Bludgeoner (Coglin Fighter)               Turns: 15135, Time: 00:11:04

Health: -2/81      AC: 13    Str: 20    XL:     12   Next: 62%
Magic:  17/17      EV: 12    Int:  8    God:    Okawaru [*****.]
Gold:   418        SH:  0    Dex: 15    Spells: 11/11 levels left

rFire   . . .        A - +1 flail (heavy) {Rabni}
rCold   . . .        B - +0 whip (elec) {Walburga}
rNeg    . . .        K - +0 swamp dragon scales
rPois   +            (no helmet)
rElec   .            p - +0 cloak
rCorr   .            v - +0 pair of gloves
SInv    .            w - +0 pair of boots
Will    .....        (amulet unavailable)
Stlth   ++           (ring unavailable)
HPRegen 0.33/turn    (ring unavailable)
MPRegen 0.15/turn    (no gizmo)

%: no passive effects
@: heroic, revved
A: off-hand wielding, slow wielding, warmup strikes, no jewellery
a: Invent Gizmo, Renounce Religion, Heroism, Finesse, Duel


You were on level 2 of the Lair of Beasts.
You worshipped Okawaru.
Okawaru was extremely pleased with you.
You visited 3 branches of the dungeon, and saw 14 of its levels.

You collected 756 gold pieces.
You spent 338 gold pieces at shops.

Inventory:

Hand Weapons
 a - a +0 flail {Gabriela}
 e - a +0 sling
 j - a +1 short sword of protection {Fusazane}
 t - a +0 flail {Yolanda}
 A - a +1 heavy flail (weapon) {Rabni}
 B - a +0 whip of electrocution (offhand) {Walburga}
Missiles
 c - 2 throwing nets (quivered)
 M - 3 curare-tipped darts
Armour
 b - a +0 scale mail
 p - a +0 cloak (worn)
 v - a +0 pair of gloves (worn)
 w - a +0 pair of boots (worn)
 y - +0 steam dragon scales
 K - +0 swamp dragon scales (worn)
Wands
 g - a wand of flame (9)
 E - a wand of iceblast (8)
 L - a wand of mindburst (8)
Scrolls
 f - a scroll of poison
 l - 4 scrolls of revelation
 m - a scroll of fog
 n - 6 scrolls of amnesia
 o - 2 scrolls of silence
 q - a scroll of enchant weapon
 r - 2 scrolls of immolation
 u - a scroll of fear
 x - 2 scrolls of teleportation
 C - 3 scrolls of vulnerability
 F - a scroll of noise
 N - a scroll of brand weapon
Potions
 d - 6 potions of might
 h - 3 potions of curing
 i - 3 potions of brilliance
 k - 3 potions of invisibility {unknown}
 s - 5 potions of mutation
 z - 4 potions of haste
 D - a potion of lignification {unknown}
 H - 4 potions of enlightenment {unknown}
 I - 2 potions of attraction {unknown}
 J - a potion of ambrosia {unknown}


   Skills:
 - Level 3.0(8.0) Fighting
 + Level 16.8(21.8) Maces & Flails
 - Level 2.6(7.6) Armour
 - Level 2.1(7.1) Shields
 + Level 7.3 Invocations


You had 11 spell levels left.
You didn't know any spells.
Your spell library contained the following spells:

 Spells                   Type           Power      Damage    Failure   Level
 Dimensional Bullseye     Hex/Tloc       0%         N/A       100%        4
 Iskenderun's Mystic Bla Conj/Tloc 0%             2d3        (+2d1     100%        4
 Tukima's Dance           Hex            Unusable   N/A       N/A         3

Dungeon Overview and Level Annotations

Branches:
Dungeon (11/15)            Temple (1/1) D:5            Lair (2/5) D:11
    Orc (0/2) D:11
  Swamp: Lair:2-3    Shoals: Lair:2-3     Snake: Lair:2-3    Spider: Lair:2-3

Altars:
Ashenzari
Cheibriados
Dithmenos
Elyvilon
Fedhas
Gozag
Hepliaklqana
Kikubaaqudgha
Makhleb
Nemelex Xobeh
Okawaru
Qazlal
Ru
Sif Muna
Trog
Uskayaw
Vehumet
Wu Jian
Xom
Yredelemnul
Zin
The Shining One

Shops:
D:9 !


Innate Abilities, Weirdness & Mutations

You can wield a second weapon in your off-hand.
It takes a long time for you to wield or remove held weapons.
Your first few attacks do less damage.
You cannot equip rings or amulets.


Message History

Found 17 gold pieces.
The yak attacks as it pursues you! The yak closely misses you.
You hit the yak but do no damage.
You whack the yak with your +0 whip of electrocution!
You hit the yak with your +1 heavy flail.
The yak is moderately wounded.
You hit the yak but do no damage. The yak gores you!
* * * LOW HITPOINT WARNING * * *
You bludgeon the yak with your +1 heavy flail!!
You kill the yak!
Okawaru accepts your kill.
You hit the yak with your +0 whip of electrocution.
The yak is lightly wounded.
You barely miss the yak with your +1 heavy flail.
The yak gores you.
* * * LOW HITPOINT WARNING * * *
You hit the yak with your +0 whip of electrocution.
The yak is moderately wounded.
You barely miss the yak with your +1 heavy flail.
You hit the yak with your +0 whip of electrocution.
The yak is moderately wounded.
You bludgeon the yak with your +1 heavy flail!!
You kill the yak!
Okawaru accepts your kill.
You hit the yak with your +0 whip of electrocution.
Lightning courses through the yak!
The yak is almost dead.
You hit the yak with your +1 heavy flail.
The yak gores you.
* * * LOW HITPOINT WARNING * * *
You hammer the yak like a gong with your +1 heavy flail!!!
You kill the yak!
Okawaru accepts your kill.
You feel better. The yak gores you!
* * * LOW HITPOINT WARNING * * *
You hit the yak with your +1 heavy flail.
The yak is lightly wounded.
You hit the yak with your +0 whip of electrocution.
The yak gores you.
You die...

#..#...#...##
#...#.......# #
#.......#..#### .#
###....##P....##.##
#....###.P..P..P##
#(.#...............$
##..##..#.#.........
#.# #..##.####..#.
##. ###...YY@...##
#...#.#..########
..../..(.#
...####YYP# #...#
....# .#..## ......
.# ....


You could see 2 yaks.

Vanquished Creatures
  A boulder beetle (D:10)
  A cyclops (D:11)
  3 manticores (D:11)
  Maurice (D:7)
  A black mamba (Lair:1)
  5 cane toads
  2 komodo dragons (Lair:1)
  Maggie (D:6)
  2 rime drakes (Lair:1)
  2 trolls (D:11)
  2 hornets (D:10)
  2 wraiths
  3 wyverns
  32 yaks
  Grum (Lair:1)
  A basilisk (Lair:1)
  A steam dragon (Lair:1)
  10 vampire mosquitoes (D:11)
  10 water moccasins
  An acid dragon (D:9)
  3 orc warriors
  A sky beast (D:8)
  An ice beast (D:8)
  2 black bears (Lair:1)
  7 wolves (Lair:1)
  5 centaurs
  A phantom (D:5)
  2 kobold brigands
  2 bullfrogs (Lair:1)
  2 gnoll sergeants
  6 wights
  9 killer bees
  4 howler monkeys
  4 bombardier beetles
  4 hounds (D:6)
  A gnoll bouda (D:6)
  6 orc priests
  13 orc wizards
  Natasha (thrice) (D:2)
  3 iguanas (D:4)
  Terence (D:2)
  10 gnolls
  16 adders
  A shadow imp (D:6)
  A white imp (D:7)
  6 dart slugs
  A ribbon worm (D:3)
  40 orcs
  8 ball pythons
  6 bats
  6 endoplasms
  4 giant cockroaches
  8 goblins
  4 hobgoblins
  14 jackals
  7 kobolds
  2 quokkas
  A frilled lizard (D:3)
  5 rats
  A butterfly (Lair:1)
303 creatures vanquished.

Vanquished Creatures (others)
  A wolf (Lair:1)
1 creature vanquished.

Grand Total: 304 creatures vanquished

Notes
Turn   | Place    | Note
-------+----------+-------------------------------------------
     0 | D:1      | DEFE the Coglin Fighter began the quest for the Orb.
     0 | D:1      | Reached XP level 1. HP: 18/18 MP: 1/1
    15 | D:1      | Reached skill level 2 in Maces & Flails
    56 | D:1      | Reached XP level 2. HP: 15/24 MP: 2/2
   365 | D:1      | Reached skill level 3 in Maces & Flails
   460 | D:1      | Reached XP level 3. HP: 29/29 MP: 3/3
  1112 | D:2      | Noticed Natasha
  1121 | D:2      | Killed Natasha
  1122 | D:2      | Reached skill level 4 in Maces & Flails
  1122 | D:2      | Reached XP level 4. HP: 25/35 MP: 4/4
  1274 | D:2      | Noticed Terence
  1284 | D:2      | Killed Terence
  1292 | D:2      | Reached XP level 5. HP: 10/41 MP: 5/5
  1791 | D:2      | Noticed Natasha
  1808 | D:2      | Killed Natasha
  1809 | D:2      | Reached skill level 5 in Maces & Flails
  2101 | D:2      | Noticed Natasha
  2106 | D:2      | Killed Natasha
  2437 | D:3      | Reached XP level 6. HP: 47/47 MP: 6/6
  2498 | D:3      | You fall into a shaft and drop 1 floor!
  2891 | D:3      | Found a hazy altar of Hepliaklqana.
  2968 | D:4      | Reached skill level 6 in Maces & Flails
  3329 | D:4      | Reached XP level 7. HP: 50/52 MP: 7/7
  3431 | D:4      | Reached skill level 7 in Maces & Flails
  3585 | D:5      | Entered Level 5 of the Dungeon
  3967 | D:5      | Found a staircase to the Ecumenical Temple.
  4067 | Temple   | Entered the Ecumenical Temple
  4094 | Temple   | Became a worshipper of Warmaster Okawaru
  4841 | D:6      | Noticed Maggie
  4844 | D:6      | Reached skill level 8 in Maces & Flails
  4853 | D:6      | Killed Maggie
  4853 | D:6      | Reached * piety under Okawaru
  4854 | D:6      | Reached XP level 8. HP: 54/58 MP: 8/8
  4920 | D:6      | Reached skill level 9 in Maces & Flails
  5472 | D:6      | Reached ** piety under Okawaru
  5796 | D:7      | Reached skill level 10 in Maces & Flails
  5970 | D:7      | Reached XP level 9. HP: 63/63 MP: 9/9
  6299 | D:7      | Noticed Maurice
  6589 | D:6      | Reached skill level 11 in Maces & Flails
  6870 | D:7      | Maurice stole 342 gold
  6873 | D:7      | Maurice stole a +1 short sword of protection {Fusazane}
  6874 | D:7      | Maurice stole a +0 buckler
  6876 | D:7      | Maurice stole 30 gold
  6880 | D:7      | Killed Maurice
  6880 | D:7      | Reached *** piety under Okawaru
  7536 | D:8      | Reached skill level 12 in Maces & Flails
  8116 | D:8      | Found a blossoming altar of Fedhas.
  8777 | D:9      | Reached XP level 10. HP: 62/70 MP: 10/10
  9200 | D:9      | Reached skill level 13 in Maces & Flails
  9204 | D:8      | Reached **** piety under Okawaru
  9351 | D:9      | Found Ixaud's Distillery.
  9359 | D:9      | Bought a potion of degeneration for 13 gold pieces
  9362 | D:9      | Bought a potion of mutation for 104 gold pieces
  9362 | D:9      | Bought a potion of haste for 130 gold pieces
  9362 | D:9      | Bought a potion of curing for 39 gold pieces
  9362 | D:9      | Bought a potion of might for 52 gold pieces
  9416 | D:9      | Found a radiant altar of Vehumet.
  9739 | D:9      | Reached skill level 14 in Maces & Flails
 10053 | D:10     | Entered Level 10 of the Dungeon
 10089 | D:10     | Reached ***** piety under Okawaru
 10099 | D:10     | Found a glowing silver altar of Zin.
 10262 | D:10     | Received a gift from Okawaru
 10273 | D:10     | Reached XP level 11. HP: 52/75 MP: 11/11
 10459 | D:10     | Reached skill level 15 in Maces & Flails
 10540 | D:10     | Noticed a boulder beetle
 10551 | D:10     | Killed a boulder beetle
 10552 | D:10     | Reached skill level 1 in Invocations
 10599 | D:10     | Found Orpharooh's Tremendous Tomes.
 11492 | D:11     | Found a staircase to the Lair.
 11554 | D:11     | Noticed a manticore
 11568 | D:11     | Killed a manticore
 11724 | D:11     | Noticed a manticore
 11737 | D:11     | Killed a manticore
 11737 | D:11     | Received a gift from Okawaru
 11758 | D:11     | Noticed a cyclops
 11760 | D:11     | Noticed a manticore
 11769 | D:11     | Killed a cyclops
 11775 | D:11     | Killed a manticore
 12035 | D:11     | Found a staircase to the Orcish Mines.
 12839 | D:11     | Reached skill level 5 in Invocations
 12872 | D:11     | Reached skill level 16 in Maces & Flails
 12877 | D:11     | Reached XP level 12. HP: 50/81 MP: 14/16
 13148 | Lair:1   | Entered Level 1 of the Lair of Beasts
 13192 | Lair:1   | Received a gift from Okawaru
 13681 | Lair:1   | Noticed Grum
 13690 | Lair:1   | Killed Grum
 13715 | Lair:1   | HP: 4/81 [rime drake/icy flash freeze (12)]
 15119 | Lair:2   | Received a gift from Okawaru
 15134 | Lair:2   | HP: 3/81 [yak (11)]
 15135 | Lair:2   | Slain by a yak

Illustrated notes

Levels and vault maps discovered:
D:1:      nicolae_arrival_memento_mori, layout_loops_corners
D:2:      layout_basic, minmay_misc_feat_x, minmay_tromino_v2, uniq_natasha,
          uniq_terence
D:3:      layout_rooms, marbit_many_paths, kennysheep_decorative_pillar
D:4:      layout_gridville, minmay_gold_behind_fungi
D:5:      wander_river, layout_layer_cave, minmay_temple_entry_glass,
          minmay_liquid_box, minmay_misc_feat_four_crosses,
          lemuel_flamethrower_2
D:6:      layout_loops_ring, uniq_maggie
D:7:      layout_rooms, uniq_maurice
D:8:      layout_loops_corners, nicolae_overflow_crystal_walls
D:9:      layout_gridville, vehumet_crystals, serial_shops, shop
D:10:     layout_loops_ring, mainiacjoe_overflow_cross_hatched,
          nicolae_shop_i_like_big_books
D:11:     layout_basic, lair_entry_dummy, erik_orc_3
Temple:   mainiacjoe_temple_bowtie_tessellation
Lair:1:   layout_loops_ring, portal_ice_cave_rime, beast_lair_carwin_6,
          lemuel_fruit_fields, infiniplex_staircase_pool_2, uniq_grum
Lair:2:   layout_loops_ring, nzn_sisyphean_effort

Skill      XL: |  1  2  3  4  5  6  7  8  9 10 11 12 |
---------------+-------------------------------------+-----
Maces & Flails | 2 3 4 5 6 8 10 12 14 16 | 16.8
Invocations    | 5 7 |  7.3
Fighting       | |  3.0
Armour         | |  2.6
Shields        | |  2.1

Action                     |  1- 3 |  4- 6 |  7- 9 | 10-12 || total
---------------------------+-------+-------+-------+-------++-------
  Melee: Flail             |    94 |   140 |   322 |   377 ||   933
         Short sword       |    26 |   114 |       |       ||   140
         Whip              |       |       |   125 |   348 ||   473
  Throw: Throwing net      |       |       |       |     6 ||     6
         Dart              |       |       |       |     4 ||     4
 Invoke: Heroism           |       |       |       |     3 ||     3
    Use: Scroll            |       |       |    12 |     7 ||    19
         Potion            |       |       |     3 |     2 ||     5
   Stab: Sleeping          |       |       |     1 |       ||     1
         Held in net/web   |       |       |       |     5 ||     5
 Armour: Scale mail        |    86 |   146 |    62 |       ||   294
         Steam dragon scal |       |       |   174 |       ||   174
         Swamp dragon scal |       |       |       |   299 ||   299
  Dodge: Dodged            |    42 |    75 |   123 |   165 ||   405
  Block: Buckler           |    14 |       |       |       ||    14

Table legend: (Time is in decaauts)
 A = Elapsed time spent in this place.
 B = Non-inter-level travel time spent in this place.
 C = Inter-level travel time spent in this place.
 D = Time resting spent in this place.
 E = Time spent auto-exploring this place.
 F = Levels seen in this place.
 G = Mean time per level.
                   A        B        C        D        E       F      G
               +--------+--------+--------+--------+--------+-----+--------+
         Total |  15110 |  14715 |    395 |   4185 |   8549 |  14 | 1079.3 |
       Dungeon |  13102 |  12773 |    329 |   3425 |   7673 |  11 | 1191.1 |
        Temple |     52 |      2 |     50 |      0 |      0 |   1 |   52.0 |
          Lair |   1955 |   1939 |     16 |    759 |    876 |   2 |  977.5 |
               +--------+--------+--------+--------+--------+-----+--------+

Top non-repeatable levels by time:
     D:6: 1913 daAuts
    D:11: 1844 daAuts
  Lair:1: 1797 daAuts
     D:2: 1563 daAuts
     D:8: 1443 daAuts
    D:10: 1218 daAuts
     D:9: 1063 daAuts
     D:5: 1062 daAuts
     D:7: 926 daAuts
     D:1: 901 daAuts
     D:4: 670 daAuts
     D:3: 494 daAuts
  Lair:2: 158 daAuts
  Temple: 52 daAuts
